 Dungeon Crawl Stone Soup version 0.20.1-1-g8b1a95d66d (webtiles) character file.

9800 Gargoyl the Cleaver (level 11, -7/94 HPs)
             Began as a Centaur Abyssal Knight on Dec 26, 2017.
             Was a High Priest of Lugonu.
             Mangled by a skeletal warrior
             ... wielding a +2 war axe of chopping
              (25 damage)
             ... on level 9 of the Dungeon.
             The game lasted 00:31:12 (13331 turns).

Gargoyl the Cleaver (Centaur Abyssal Knight)       Turns: 13331, Time: 00:31:13

Health: -7/94      AC: 15    Str: 17    XL:     11   Next: 27%
Magic:  13/13      EV:  4    Int: 11    God:    Lugonu [*****.]
Gold:   530        SH:  0    Dex: 12    Spells: 10/10 levels left

rFire    . . .     SeeInvis .   a - +4 hand axe
rCold    . . .     Gourm    .   j - +0 buckler
rNeg     . . .     Faith    .   g - +2 plate armour
rPois    .         Spirit   .   (no helmet)
rElec    .         Reflect  +   (no cloak)
rCorr    +         Harm     .   r - +1 pair of gloves
MR       .....                  (no barding)
Stlth    ..........             t - +2 amulet of reflection
Regen    0.3/turn               b - ring of resist corrosion
MPRegen  0.2/turn               (no ring)

@: confused, drained, very quick
A: claws 1, hooves 3, deformed body, speed 2, strong 1, tough skin 3, wild magic
1
a: Depart the Abyss, Bend Space, Banish, Corrupt, Enter the Abyss, Renounce
Religion


You were on level 9 of the Dungeon.
You worshipped Lugonu.
Lugonu was extremely pleased with you.
You were not hungry.

You visited 1 branch of the dungeon, and saw 10 of its levels.
You visited the Abyss 1 time.

You collected 530 gold pieces.

Inventory:

Hand Weapons
 a - a +4 hand axe (weapon)
 y - a +4 hand axe
Armour
 g - a +2 plate armour (worn)
 j - a +0 buckler (worn)
 r - a +1 pair of gloves (worn)
Jewellery
 b - a ring of resist corrosion (left hand)
 t - a +2 amulet of reflection (around neck)
 F - an uncursed ring of poison resistance {unknown}
Wands
 k - a wand of polymorph (6/24)
 A - a wand of random effects (15/48)
 E - a wand of clouds (4/9)
Scrolls
 d - 2 scrolls of fog
 e - 2 scrolls of teleportation
 u - a scroll of remove curse
 v - a scroll of recharging
 w - 2 scrolls of amnesia
 z - a scroll of enchant weapon
 B - a scroll of blinking
 C - a scroll of summoning {unknown}
 G - 4 scrolls of identify
Potions
 m - a potion of resistance
 n - 4 potions of flight
 o - 2 potions of brilliance
 q - a potion of haste {unknown}
 s - 2 potions of mutation {unknown}
 x - 4 potions of degeneration {unknown}
 D - 2 potions of invisibility
 I - 2 potions of curing
Books
 f - a book of Changes

   Spells                             Type                      Level
   a - Beastly Appendage              Transmutation                1
   b - Sticks to Snakes               Transmutation                2
   c - Spider Form                    Transmutation/Poison         3
   d - Ice Form                       Ice/Transmutation            4
   e - Blade Hands                    Transmutation                5
Comestibles
 c - 7 bread rations
 h - 7 royal jellies
 l - 8 meat rations


   Skills:
 + Level 8.0(7.2) Fighting
 + Level 9.6(8.8) Axes
 + Level 3.2(2.5) Throwing
 + Level 7.6(6.8) Armour
 + Level 2.0(1.4) Dodging
 + Level 1.1(0.4) Stealth
 + Level 4.3(3.6) Shields
 + Level 3.6(3.0) Invocations
 + Level 0.1(0.0) Evocations


You had 10 spell levels left.
You didn't know any spells.

Dungeon Overview and Level Annotations

Branches:
Dungeon (10/15)            Temple (0/1) D:6
   Lair: D:8-11         Orc: D:9-12

Altars:
Cheibriados
Elyvilon
Okawaru
Sif Muna
Trog
Uskayaw
Xom
The Shining One

Annotations:
Abyss:1 Blork the orc


Innate Abilities, Weirdness & Mutations

You have hooves in place of feet.
Armour fits poorly on your strangely shaped body.
You cover ground very quickly.
You have extremely tough skin. (AC +3)
You have sharp fingernails.
Your muscles are strong. (Str +2)
Your spells are a little harder to cast, but a little more powerful.


Message History

You hit the skeletal warrior but do no damage.
You kick the skeletal warrior, but do no damage.
You hit the skeletal warrior but do no damage.
Your kick misses the skeletal warrior.
The skeletal warrior hits you with a war axe of chopping.
You closely miss the skeletal warrior.
You kick the skeletal warrior, but do no damage.
The skeletal warrior hits you with a war axe of chopping.
Your plate armour prevents you from hitting the skeletal warrior.
The skeletal warrior hits you with a war axe of chopping!
* * * LOW HITPOINT WARNING * * *
You hit the skeletal warrior.
The skeletal warrior is lightly damaged.
It was a potion of ambrosia.
You are confused.
You feel invigorated.
The skeletal warrior hits you with a war axe of chopping!
* * * LOW HITPOINT WARNING * * *
x2 The skeletal warrior hits you with a war axe of chopping!!
You die...

#..#.....'..))...........#
#..#...###..........######
#..#...#....#######.#
#..#####....#.....#.#
............#.....#.##
............#.....#..#
########'#..##'####..#
#........#...)..z....#
#........#).....@>...#####
#........###.............#
#..........#.............#
#..........#.............#
...........#.............##
........?..#.....######...#
...........#.....# #...#
#'######'###.....# #...#
.......O.........# #...#


You could see a skeletal warrior.

Vanquished Creatures
  3 two-headed ogres
  Psyche (D:9)
  2 trolls
  3 hippogriffs
  Sigmund (D:6)
  4 hogs (D:9)
  2 wyverns (D:9)
  Eustachio (D:5)
  4 yaks (D:9)
  A human (D:9)
  Menkaure (D:6)
  Duvessa (D:4)
  An orc warrior (D:7)
  The ghost of Libelnon the Magician, an amateur DEWz (D:3)
  A sky beast (D:8)
  5 ogres
  A black bear (D:6)
  4 ice beasts
  The ghost of uvhash the Slasher, an amateur DsAK of Lugonu (D:5)
  8 centaurs
  5 bullfrogs
  3 big kobolds
  A water moccasin zombie (D:8)
  Dowan (D:4)
  8 wights
  A crimson imp (D:7)
  A quasit (D:9)
  3 centaur zombies
  4 hounds
  An iron imp (D:8)
  4 jellies
  3 orc priests
  2 bullfrog skeletons (D:10)
  6 orc wizards
  2 iguanas
  10 worker ants
  2 gnolls
  11 adders
  A shadow imp (D:9)
  An ooze (D:1)
  2 adder zombies
  An adder skeleton (D:4)
  A worm (D:4)
  4 dart slugs
  4 leopard geckos
  27 orcs
  A ball python (D:4)
  4 bats
  3 giant cockroaches
  7 hobgoblins
  15 jackals
  6 quokkas
  2 frilled lizards
  7 goblins
  13 kobolds
  A leopard gecko zombie (D:9)
  A quokka skeleton (D:4)
  4 rats
219 creatures vanquished.

Vanquished Creatures (others)
  2 hornets (D:9)
  An orc warrior (D:6)
3 creatures vanquished.

Grand Total: 222 creatures vanquished

Notes
Turn   | Place    | Note
-------+----------+-------------------------------------------
     0 | Abyss:1  | Gargoyl the Centaur Abyssal Knight began the quest for the Orb.
     0 | Abyss:1  | Reached XP level 1. HP: 19/19 MP: 2/2
    43 | Abyss:1  | Noticed a large abomination
    47 | Abyss:1  | Found a corrupted altar of Lugonu.
    47 | Abyss:1  | Noticed a ynoxinul
   101 | Abyss:2  | Noticed a large abomination
   128 | Abyss:2  | Noticed an ice devil
   131 | Abyss:2  | Noticed a smoke demon
   137 | Abyss:2  | Noticed a large abomination
   138 | D:1      | Escaped the Abyss
   169 | D:1      | Found an iron altar of Okawaru.
   174 | D:1      | Reached * piety under Lugonu
   243 | D:1      | Reached XP level 2. HP: 19/26 MP: 3/3
   903 | D:1      | Reached skill level 2 in Axes
   939 | D:1      | Reached XP level 3. HP: 26/33 MP: 4/4
  1881 | D:2      | Found a shimmering altar of Xom.
  2178 | D:3      | Reached XP level 4. HP: 32/40 MP: 5/5
  2240 | D:3      | Found a bloodstained altar of Trog.
  2383 | D:3      | Found a hide-covered altar of Uskayaw.
  2611 | D:3      | Noticed Libelnon's ghost (amateur DEWz)
  2651 | D:3      | Killed Libelnon's ghost
  2651 | D:3      | Reached skill level 3 in Axes
  2651 | D:3      | Reached skill level 1 in Dodging
  2651 | D:3      | Reached XP level 5. HP: 13/46 MP: 6/6
  3018 | D:4      | Noticed Duvessa
  3018 | D:4      | Reached ** piety under Lugonu
  3022 | D:4      | Noticed Dowan
  3146 | D:4      | Killed Duvessa
  3147 | D:4      | Reached XP level 6. HP: 19/52 MP: 7/7
  3151 | D:4      | Killed Dowan
  3424 | D:3      | HP: 2/52 [ogre/giant club (11)]
  3527 | D:3      | Reached skill level 4 in Axes
  4221 | D:5      | Entered Level 5 of the Dungeon
  4224 | D:5      | Reached XP level 7. HP: 55/60 MP: 8/8
  4264 | D:5      | Found a glowing golden altar of the Shining One.
  4380 | D:5      | Noticed uvhash's ghost (amateur DsAK)
  4410 | D:5      | Killed uvhash's ghost
  4415 | D:5      | Reached skill level 1 in Throwing
  4594 | D:5      | Noticed Eustachio
  4697 | D:5      | Killed Eustachio
  4697 | D:5      | Reached skill level 5 in Axes
  5272 | D:6      | Reached skill level 5 in Fighting
  5272 | D:6      | Reached skill level 1 in Shields
  5413 | D:6      | Reached *** piety under Lugonu
  5502 | D:6      | Reached XP level 8. HP: 33/68 MP: 9/9
  5753 | D:6      | Noticed Sigmund
  5775 | D:6      | Killed Sigmund
  5988 | D:6      | Found a white marble altar of Elyvilon.
  6015 | D:6      | Found a staircase to the Ecumenical Temple.
  6075 | D:6      | Noticed Menkaure
  6076 | D:6      | Noticed Blork the orc
  6106 | D:6      | Killed Menkaure
  6106 | D:6      | Reached skill level 6 in Axes
  6490 | D:6      | Found a deep blue altar of Sif Muna.
  6494 | D:6      | Banished Blork the orc
  6543 | D:6      | Reached skill level 5 in Armour
  7166 | D:6      | Reached XP level 9. HP: 34/75 MP: 9/11
  7962 | D:7      | Reached skill level 7 in Axes
  8604 | D:8      | Gained mutation: You have sharp fingernails. [mutagenic meat]
  8605 | D:8      | Gained mutation: Your spells are a little harder to cast, but a little more powerful. [mutagenic meat]
  8606 | D:8      | Gained mutation: Your muscles are strong. (Str +2) [mutagenic meat]
  8635 | D:8      | Noticed a two-headed ogre
  8935 | D:8      | Killed a two-headed ogre
  8935 | D:8      | Reached skill level 8 in Axes
  9112 | D:8      | Reached **** piety under Lugonu
  9185 | D:8      | Reached XP level 10. HP: 84/84 MP: 12/12
  9257 | D:8      | Found a snail-covered altar of Cheibriados.
 10157 | D:9      | Noticed a two-headed ogre
 10589 | D:9      | Killed a two-headed ogre
 10780 | D:9      | Paralysed by a hornet for 1 turns
 10784 | D:9      | Paralysed by a hornet for 1 turns
 10789 | D:9      | Paralysed by a hornet for 1 turns
 10792 | D:9      | Paralysed by a hornet for 2 turns
 10793 | D:9      | HP: 4/86 [hornet (4)]
 11625 | D:9      | Reached skill level 9 in Axes
 12016 | D:9      | Noticed a two-headed ogre
 12029 | D:9      | Killed a two-headed ogre
 12029 | D:9      | Reached XP level 11. HP: 89/93 MP: 13/13
 12103 | D:9      | Reached skill level 1 in Stealth
 12328 | D:9      | Noticed Psyche
 12347 | D:9      | Killed Psyche
 12874 | D:10     | Entered Level 10 of the Dungeon
 12969 | D:10     | Reached ***** piety under Lugonu
 13192 | D:10     | Noticed a skeletal warrior
 13196 | D:10     | Noticed a skeletal warrior
 13319 | D:10     | Noticed a skeletal warrior
 13331 | D:9      | Mangled by a skeletal warrior

Skill      XL: |  1  2  3  4  5  6  7  8  9 10 11 |
---------------+----------------------------------+-----
Axes           | 2 3 4 5 6 8 9 |  9.6
Armour         | 2 3 4 5 6 7 |  7.6
Fighting       | 4 5 6 7 8 |  8.0
Dodging        | 1 2 |  2.0
Throwing       | 1 2 3 |  3.2
Shields        | 1 2 3 4 |  4.3
Invocations    | 3 |  3.6
Stealth        | 1 |  1.1
Evocations     | |  0.1

Action                   |  1- 3 |  4- 6 |  7- 9 | 10-12 || total
-------------------------+-------+-------+-------+-------++-------
Melee: Hand axe          |   110 |   156 |   413 |   333 ||  1012
       Kick              |    15 |    36 |    99 |    92 ||   242
Throw: Javelin           |       |    12 |    19 |    11 ||    42
Invok: Depart the Abyss  |     1 |       |       |       ||     1
       Bend Space        |       |       |     4 |     1 ||     5
       Banish            |       |       |     2 |     2 ||     4
Evoke: Wand              |       |       |       |     2 ||     2
  Use: Scroll            |     7 |     8 |     4 |       ||    19
       Potion            |     7 |     1 |     3 |     6 ||    17
 Stab: Confused          |       |       |       |     1 ||     1
  Eat: Chunk             |     2 |     4 |    14 |     3 ||    23
       Fruit             |       |     3 |     4 |       ||     7
       Bread ration      |       |       |       |     2 ||     2
       Royal jelly       |       |       |       |     1 ||     1
Armor: Plate armour      |   109 |   163 |   393 |   235 ||   900
       Skin              |       |       |     4 |    31 ||    35
Dodge: Dodged            |    11 |    14 |    56 |    49 ||   130
Block: Buckler           |    10 |    26 |   122 |   116 ||   274
       Reflection        |       |       |     3 |     7 ||    10
